 Dungeon Sprint DCSS version 0.21-a0-616-g6d9b277d69 (webtiles) character file.

96 Denreik the Blocker (level 4, -2/35 HPs)
             Began as a Formicid Fighter on Dec 23, 2017.
             Killed by nerve-wracking pain
             ... invoked by a shadow imp
              (8 damage)
             ... in the Dungeon (Sprint IX: "|||||||||||||||||||||||||||||").
             The game lasted 00:00:35 (145 turns).

Denreik the Blocker (Formicid Fighter)               Turns: 145, Time: 00:00:36

Health: -2/35      AC:  6    Str: 22    XL:     4   Next: 98%
Magic:  4/4        EV:  9    Int:  7    God:
Gold:   0          SH: 12    Dex: 10    Spells: 3/3 levels left

rFire    . . .     SeeInvis +   a - +0 quarterstaff
rCold    . . .     Gourm    .   c - +0 shield
rNeg     . . .     Faith    .   b - +0 scale mail
rPois    .         Spirit   .   (helmet unavailable)
rElec    .         Reflect  .   (no cloak)
rCorr    .         Harm     .   (no gloves)
MR       .....                  (no boots)
Stlth    ..........             (no amulet)
HPRegen  0.11/turn              (no ring)
MPRegen  0.09/turn              (no ring)

@: no status effects
A: permanent stasis, dig shafts and tunnels, four strong arms, antennae 3
a: Dig


You were in the Dungeon.
You were not hungry.

You visited 1 branch

Inventory:

Hand Weapons
 a - a +0 quarterstaff (weapon)
Armour
 b - a +0 scale mail (worn)
 c - a +0 shield (worn)
Scrolls
 k - a scroll of blinking
Potions
 d - a potion of might
 e - a potion of curing
 g - a potion of heal wounds
 h - a potion of haste
 i - 2 potions of magic
 j - a potion of berserk rage
Comestibles
 f - a ration
 l - 5 chunks of flesh


   Skills:
 - Level 3.2 Fighting
 - Level 4.0 Staves
 - Level 3.2 Armour
 * Level 10.2 Shields


You had 3 spell levels left.
You didn't know any spells.

Dungeon Overview and Level Annotations

Branches:
Dungeon (1/1)

Altars:


Innate Abilities, Weirdness & Mutations

You cannot be hasted, slowed, berserked, paralysed or teleported.
You can dig through walls and to a lower floor.
Your four strong arms can wield two-handed weapons with a shield.
You have a pair of large antennae on your head. (SInv)


Message History

You sock the ogre!
The ogre is almost dead.
The ogre hits you with a giant spiked club!
* * * LOW HITPOINT WARNING * * *
You hit the ogre.
The ogre is almost dead.
The ogre closely misses you.
You thump the ogre!
You kill the ogre!
Your Shields skill gained 6 levels and is now at level 10!
You have reached level 3!
Your experience leads to an increase in your attributes!
Increase (S)trength, (I)ntelligence, or (D)exterity?
You feel stronger.
You have reached level 4!
You feel stronger.
You closely miss the shadow imp. The shadow imp gestures at you.
Pain shoots through your body!
You die... ▓▓▓▓▓▓▓▓▓▓▓▓▓▓▓▓▓▓ ▓<...÷....@5SS...+ ▓▓▓▓▓▓▓▓▓▓▓▓▓▓▓▓▓▓

You could see an adder, a shadow imp and a ball python.

Vanquished Creatures
  An ogre (D)
  2 leopard geckos (D)
  A giant cockroach (D)
  A bat (D)
  A frilled lizard (D)
  A rat (D)
7 creatures vanquished.

Notes
Turn   | Place    | Note
-------+----------+-------------------------------------------
     0 | D        | Denreik the Formicid Fighter began the quest for the Orb.
     0 | D        | Reached XP level 1. HP: 18/18 MP: 1/1
   133 | D        | Noticed an ogre
   134 | D        | Reached skill level 4 in Shields
   134 | D        | Reached XP level 2. HP: 24/24 MP: 2/2
   144 | D        | Killed an ogre
   144 | D        | Reached skill level 10 in Shields
   144 | D        | Reached XP level 3. HP: 5/29 MP: 3/3
   144 | D        | Reached XP level 4. HP: 6/35 MP: 4/4
   145 | D        | Killed from afar by a shadow imp

Vault maps used:
D:        linesprint

Skill      XL: |  1  2 |
---------------+-------+-----
Staves         | 4 |  4.0
Shields        | 4 10 | 10.2
Fighting       | |  3.2
Armour         | |  3.2

Action                   |  1- 3 |  4- 6 || total
-------------------------+-------+-------++-------
Melee: Quarterstaff      |    27 |     1 ||    28
Armor: Scale mail        |     9 |       ||     9
Dodge: Dodged            |     9 |       ||     9
Block: Shield            |     7 |       ||     7

Table legend:
 A = Spawn XP
 B = Non-spawn XP
 C = Spawn XP percentage of total XP
 D = Spawn monster count
 E = Non-spawn monster count
 F = Spawn count percentage of total count
 G = Total turns spent on level
                    A         B        C        D         E        F      G
               +---------+---------+-------+---------+---------+-------+---------
         Total |       0 |     138 |   0.0 |       0 |       7 |   0.0 |   145
               +---------+---------+-------+---------+---------+-------+---------
             D |       0 |     138 |   0.0 |       0 |       7 |   0.0 |   145
               +---------+---------+-------+---------+---------+-------+---------
